 Dungeon Crawl Stone Soup version 0.31-a0-1154-gadca813884 (webtiles) character file.

Game seed: 11367834796943370213

2465 Dirtsage the Mimic (level 9, 0/61 HPs)
             Began as an Octopode Shapeshifter on Dec 7, 2023.
             Was an Initiate of Gozag.
             Slain by a hornet (9 damage)
             ... on level 7 of the Dungeon.
             The game lasted 00:14:04 (5048 turns).

Dirtsage the Mimic (Octopode Shapeshifter)          Turns: 5048, Time: 00:14:04

Health: 0/61       AC:  1    Str: 13    XL:     9   Next: 50%
Magic:  18/18      EV: 19    Int: 13    God:    Gozag
Gold:   269        SH:  0    Dex: 15    Spells: 8/8 levels left

rFire   . .          .
                       - Unarmed
rCold   . . .        (shield currently unavailable)
rNeg    . . .        (helmet restricted)
rPois   .            A - amulet of regeneration
rElec   .            S - ring of see invisible
rCorr   .            x - ring of magical power
SInv    +            (no ring)
Will    .....        (no ring)
Stlth   +            (no ring)
HPRegen 1.10/turn    (no ring)
MPRegen 0.16/turn    (no ring)
                     (no ring)

%: no passive effects
@: flux-form, slowed, glowing, very slow
A: glow, contaminating, almost no armour, amphibious, 8 rings, camouflage 1,
gelatinous body 1, (nimble swimmer 1), tentacles
a: Begin Untransformation, Renounce Religion, Potion Petition, Call Merchant,
Bribe Branch


You were on level 7 of the Dungeon.
You worshipped Gozag.
Gozag was aware of your devotion.
You were something dangerously unstable.
You visited 2 branches of the dungeon, and saw 9 of its levels.

You collected 357 gold pieces.
You paid 88 gold pieces to Gozag.

Inventory:

Missiles
 z - 2 curare-tipped darts
 B - a throwing net
Armour
 r - a +0 buckler
Magical Staves
 h - a staff of death
Jewellery
 x - a ring of magical power (right tentacle)
 A - an amulet of regeneration (around mantle)
 S - a ring of see invisible (left tentacle)
Talismans
 b - a beast talisman
 c - a flux talisman (active)
 n - a beast talisman
 v - a beast talisman
Scrolls
 s - a scroll of summoning
 t - 4 scrolls of teleportation
 u - a scroll of immolation {unknown}
 w - 2 scrolls of revelation {unknown}
 y - a scroll of amnesia
Potions
 a - a potion of lignification
 d - a potion of resistance {unknown}
 e - a potion of invisibility {unknown}
 f - 2 potions of haste {unknown}
 j - 3 potions of brilliance
 k - a potion of enlightenment {unknown}
 l - a potion of degeneration {unknown}
 m - 2 potions of magic {unknown}
 o - a potion of mutation {unknown}
 p - 2 potions of attraction {unknown}
 q - a potion of curing


   Skills:
 + Level 5.1 Fighting
 + Level 6.0 Dodging
 + Level 6.4 Unarmed Combat
 * Level 8.0 Shapeshifting


You had 8 spell levels left.
You didn't know any spells.
Your spell library contained the following spells:

 Spells                   Type           Power      Damage    Failure   Level
 Kiss of Death            Conj/Necr      0%         2d5       30%         1
 Magic Dart               Conj           0%         1d3       30%         1
 Call Imp                 Summ           0%         N/A       43%         2
 Confusing Touch          Hex            0%         N/A       67%         3
 Frozen Ramparts          Ice            0%         1d1       67%         3
 Mephitic Cloud           Conj/Pois/Air  0%         N/A       67%         3
 Dispel Undead            Necr           0%         3d6       97%         4
 Petrify                  Tmut/Erth      0%         N/A       97%         4
 Metabolic Englaciation   Hex/Ice        0%         N/A       100%        5


Dungeon Overview and Level Annotations

Branches:
Dungeon (8/15)             Temple (1/1) D:6
   Lair: D:8-11

Altars:
Ashenzari
Cheibriados
Dithmenos
Elyvilon
Fedhas
Gozag
Hepliaklqana
Kikubaaqudgha
Makhleb
Nemelex Xobeh
Okawaru
Qazlal
Ru
Sif Muna
Trog
Uskayaw
Vehumet
Wu Jian
Xom
Yredelemnul
Zin
The Shining One

Shops:
D:1 =   D:4 =   D:5 *

Annotations:
D:4 3 runed translucent doors, gruber's ghost, novice MiHu


Innate Abilities, Weirdness & Mutations

You are something dangerously unstable.
You glow with magical radiation, making you easy to see and hit.
Foes you strike become dangerously contaminated with magical radiation.
You are incapable of wielding weapons or throwing items.
You cannot wear most types of armour.
You are amphibious.
You can wear up to eight rings at the same time.
Your skin changes colour to match your surroundings (Stealth+).
Your rubbery body absorbs attacks. (AC +1, EV +1)
((You are camouflaged when in or above water. (Stealth+)))
You have tentacles for arms and can constrict up to eight enemies at once.


Message History

You feel very sick. The hornet stings you!
You are more poisoned.
You feel yourself slow down. The hornet stings you.
You feel as though you will be slow longer.
You take 14 damage, and have 30/61 hp.
MASSIVE DAMAGE!!
You tentacle-slap the hornet but do no damage.
The hornet shudders as magic cascades through it.
The hornet twists and deforms.
You squeeze the hornet.
The hornet is moderately wounded.
You constrict the hornet.
You feel extremely sick. The hornet stings you!
* * * LOW HITPOINT WARNING * * *
You are more poisoned.
You feel as though you will be slow longer.
The hornet misses you.
You take 14 damage, and have 16/61 hp.
MASSIVE DAMAGE!!
You closely miss the hornet. You squeeze the hornet!
The hornet is severely wounded.
You constrict the hornet.
* * * LOW HITPOINT WARNING * * *
You feel very sick. The hornet completely misses you. The hornet stings you!
* * * LOW HITPOINT WARNING * * *
You suddenly lose the ability to move!
You lose your grip on the hornet.
* * * LOW HITPOINT WARNING * * *
You feel very sick. The hornet stings you.
* * * LOW HITPOINT WARNING * * *
You shrug off the repeated paralysis!
You can move again.
You take 15 damage, and have 1/61 hp.
MASSIVE DAMAGE!!
You feel better. The hornet barely misses you. The hornet misses you.
You regained 7 hp, and now have 8/61 hp.
As you read the scroll of fear, it crumbles to dust.
You assume a fearsome visage.
The hornet resists with some effort.
The hornet closely misses you. x2; The hornet stings you!
You die...
Your body crumbles into a pile of gold.

#....#.##.....##
#....#.###...... #....#.#
#.#....
############....#####.#..#.
..................)........
....................>.#....
......y........[.###..# ...
..#.######y##.........# #.
#p##.#.......#
#.....######. ####.## ###


You could see a hornet (misshapen).

Vanquished Creatures
  Erica (D:8)
  Psyche (D:8)
  Sigmund (D:5)
  Menkaure (D:7)
  An ogre (D:6)
  2 phantoms (D:5)
  2 scorpions
  3 wights (D:6)
  2 howler monkeys (D:8)
  4 hounds
  2 jellies
  2 orc priests (D:6)
  A sleepcap (D:4)
  3 orc wizards
  Natasha (thrice) (D:2)
  4 iguanas
  8 adders
  4 gnolls (D:5)
  A shadow imp (D:6)
  2 ufetubi (D:5)
  5 worms
  5 dart slugs
  15 orcs
  2 endoplasms
  A giant cockroach (D:3)
  3 hobgoblins (D:4)
  7 jackals
  7 kobolds
  5 quokkas
  7 ball pythons
  6 bats
  4 frilled lizards
  6 goblins
  6 rats
127 creatures vanquished.

Notes
Turn   | Place    | Note
-------+----------+-------------------------------------------
     0 | D:1      | Dirtsage the Octopode Shapeshifter began the quest for the
                  | Orb.
     0 | D:1      | Reached XP level 1. HP: 13/13 MP: 1/1
    29 | D:1      | Found Yntiopp's Jewellery Boutique.
   144 | D:1      | Reached XP level 2. HP: 13/18 MP: 2/2
   265 | D:1      | Reached XP level 3. HP: 23/23 MP: 3/3
   545 | D:2      | Noticed Natasha
   555 | D:2      | Killed Natasha
   556 | D:2      | Reached XP level 4. HP: 23/28 MP: 4/4
   575 | D:2      | Noticed Natasha
   580 | D:2      | Killed Natasha
   581 | D:2      | Reached skill level 4 in Shapeshifting
   616 | D:2      | Noticed Natasha
   619 | D:2      | Killed Natasha
   620 | D:2      | Reached XP level 5. HP: 27/33 MP: 5/5
  1971 | D:4      | Found Aprollac's Jewellery Boutique.
  2002 | D:4      | Noticed an ice beast
  2072 | D:4      | Noticed gruber's ghost (novice MiHu)
  2094 | D:4      | Found a runed translucent gate.
  2094 | D:4      | Found a runed translucent gate.
  2097 | D:4      | Found a runed translucent gate.
  2309 | D:4      | Reached XP level 6. HP: 21/38 MP: 6/6
  2671 | D:5      | Entered Level 5 of the Dungeon
  2690 | D:5      | Reached skill level 5 in Shapeshifting
  2962 | D:5      | Reached XP level 7. HP: 19/45 MP: 7/7
  3167 | D:5      | Noticed Sigmund
  3303 | D:5      | Found Anavvar's Assorted Antiques.
  3817 | D:5      | Killed Sigmund
  3818 | D:5      | Reached skill level 5 in Unarmed Combat
  3818 | D:5      | Reached skill level 6 in Shapeshifting
  3818 | D:5      | Reached XP level 8. HP: 49/52 MP: 8/8
  3843 | D:5      | Found a bloodstained altar of Trog.
  3847 | D:5      | Found a white marble altar of Elyvilon.
  3847 | D:5      | Found a shimmering altar of Xom.
  3847 | D:5      | Found a hide-covered altar of Uskayaw.
  3850 | D:5      | Found a basalt altar of Yredelemnul.
  3937 | D:6      | Found a staircase to the Ecumenical Temple.
  3947 | Temple   | Entered the Ecumenical Temple
  4006 | Temple   | Became a worshipper of Gozag Ym Sagoz the Greedy
  4425 | D:6      | Reached skill level 5 in Dodging
  4573 | D:6      | You fall into a shaft and drop 2 floors!
  4602 | D:8      | Noticed Psyche
  4615 | D:8      | Killed Psyche
  4616 | D:8      | Reached skill level 7 in Shapeshifting
  4619 | D:8      | Reached XP level 9. HP: 59/59 MP: 9/9
  4623 | D:8      | Noticed Erica
  4633 | D:8      | Killed Erica
  4809 | D:8      | Identified the +2 robe of Time Monsters {rElec Dex+2}
  4882 | D:7      | Noticed Menkaure
  4890 | D:7      | Killed Menkaure
  4891 | D:7      | Reached skill level 5 in Fighting
  4891 | D:7      | Reached skill level 8 in Shapeshifting
  5035 | D:7      | Noticed a hornet
  5045 | D:7      | Paralysed by a hornet for 2 turns
  5046 | D:7      | HP: 2/61 [poisoned by a hornet]
  5048 | D:7      | Slain by a hornet

Illustrated notes

Levels and vault maps discovered:
D:1:      noname_arrival_rooms_in_the_neighbourhood, layout_rooms, serial_shops,
          shop
D:2:      layout_rooms, minmay_pentomino_o4, uniq_natasha
D:3:      layout_basic, nicolae_concentric_dashed_squares_wild,
          minmay_misc_feat_five
D:4:      layout_cave_pools, serial_shops, nicolae_stop_n_shop_2,
          gammafunk_ghost_icy
D:5:      layout_rooms, minitemple, serial_shops, nicolae_shop_crystal,
          uniq_sigmund
D:6:      layout_gridville, minmay_temple_entry_mini_moons
D:7:      minmay_octagon_keep, layout_basic, uniq_menkaure
D:8:      layout_basic, uniq_psyche, uniq_erica
Temple:   minmay_crystal_spiral_temple

Skill      XL: |  1  2  3  4  5  6  7  8  9 |
---------------+----------------------------+-----
Shapeshifting  | 4 5 6 7 8 |  8.0
Dodging        | 3 4 5 6 |  6.0
Unarmed Combat | 4 5 6 |  6.4
Fighting       | 2 3 4 5 |  5.1

Action                     |  1- 3 |  4- 6 |  7- 9 || total
---------------------------+-------+-------+-------++-------
  Melee: Unarmed           |    53 |   129 |   123 ||   305
         Constrict         |    16 |    32 |    30 ||    78
         Tentacles         |    11 |    30 |    40 ||    81
         Punch             |     3 |     2 |     2 ||     7
  Throw: Throwing net      |       |       |     2 ||     2
    Use: Scroll            |       |     4 |     5 ||     9
         Potion            |       |       |     1 ||     1
   Stab: Sleeping          |     1 |     8 |     1 ||    10
         Held in net/web   |       |       |     1 ||     1
 Armour: Skin              |    24 |    57 |    46 ||   127
  Dodge: Dodged            |    41 |    64 |    60 ||   165
   Form: Flux              |       |       |     1 ||     1

Table legend: (Time is in decaauts)
 A = Elapsed time spent in this place.
 B = Non-inter-level travel time spent in this place.
 C = Inter-level travel time spent in this place.
 D = Time resting spent in this place.
 E = Time spent auto-exploring this place.
 F = Levels seen in this place.
 G = Mean time per level.
                   A        B        C        D        E       F      G
               +--------+--------+--------+--------+--------+-----+--------+
         Total |   5023 |   4780 |    243 |    731 |   2999 |   9 |  558.1 |
       Dungeon |   4904 |   4777 |    127 |    731 |   2999 |   8 |  613.0 |
        Temple |    118 |      2 |    116 |      0 |      0 |   1 |  118.0 |
               +--------+--------+--------+--------+--------+-----+--------+

Top non-repeatable levels by time:
     D:5: 1090 daAuts
     D:3: 879 daAuts
     D:4: 847 daAuts
     D:2: 543 daAuts
     D:1: 541 daAuts
     D:6: 531 daAuts
     D:8: 306 daAuts
     D:7: 165 daAuts
  Temple: 118 daAuts
